 Dungeon Crawl Stone Soup version 0.19.5 (webtiles) character file.

6764 Warawaich the Carver (level 11, -18/72 HPs)
             Began as a Formicid Fighter on May 22, 2017.
             Was a Priest of Ru.
             Demolished by an orc warlord
             ... wielding a +0 war axe
              (26 damage)
             ... in a bailey.
             The game lasted 00:32:04 (8728 turns).

Warawaich the Carver (Formicid Fighter)             Turns: 8728, Time: 00:32:05

Health: -18/72     AC: 24    Str: 23 (24) XL:     11   Next: 24%
Magic:  11/11      EV: 15    Int:  9 (10) God:    Ru [***...]
Gold:   712        SH:  0    Dex: 12 (15) Spells: 0 memorised, 10 levels left

rFire  . . .     SeeInvis +     Q - +0 scimitar (curse)
rCold  . . .     Gourm    .     h - +0 plate armour
rNeg   . . .     Faith    .     (no shield)
rPois  .         Spirit   .     (helmet unavailable)
rElec  .         Reflect  .     C - +2 cloak
rCorr  .         Harm     .     t - +0 pair of gloves
MR     +....                    n - +0 pair of boots
Stlth  ..........               I - amulet of regeneration
                                D - +4 ring of protection
                                H - +3 ring of evasion

@: agile, exhausted, no scrolls, drained
A: permanent stasis, dig shafts and tunnels, four strong arms, antennae 3,
clever 1, frail 1, inability to read while threatened, no stealth, no earth
magic, no translocations magic, no transmutations magic
a: Dig, Shaft Self, Draw Out Power, Renounce Religion


You were in a bailey.
You worshipped Ru.
Ru was most pleased with you.
You were not hungry.

You visited 2 branches of the dungeon, and saw 11 of its levels.
You also visited: Bailey.

You collected 712 gold pieces.

Inventory:

Hand Weapons
 Q - a cursed +0 scimitar (weapon)
Armour
 c - a +0 shield
 h - a +0 plate armour (worn)
 n - a +0 pair of boots (worn)
 t - a +0 pair of gloves (worn)
 C - a +2 cloak (worn)
Jewellery
 y - an uncursed ring of protection from fire
 D - a +4 ring of protection (right hand)
 H - a +3 ring of evasion (left hand)
 I - an amulet of regeneration (around neck)
 L - a cursed ring of magical power {unknown}
 S - the ring "Waawinoj" {rPois SInv, unknown}
   (You took it off an orc warrior in a bailey)

   [ring of see invisible]

   It protects you from poison.
   It lets you see invisible.
Wands
 d - a wand of slowing (17/48)
 l - a wand of confusion (8/48)
 z - a wand of acid (3/15)
 G - a wand of enslavement (13/24)
 J - a wand of digging (14/24)
 M - a wand of polymorph (15/24)
 N - a wand of slowing (20/48)
Scrolls
 e - a scroll of fog
 i - 6 scrolls of enchant armour {unknown}
 j - 9 scrolls of identify {unknown}
 o - 2 scrolls of teleportation
 p - 6 scrolls of remove curse {unknown}
 s - a scroll of fear
 u - 2 scrolls of amnesia {unknown}
 v - a scroll of noise
 A - 2 scrolls of enchant weapon {unknown}
 E - a scroll of recharging {unknown}
 F - 2 scrolls of immolation {unknown}
 K - a scroll of random uselessness {unknown}
 P - a scroll of blinking {unknown}
 R - a scroll of acquirement {unknown}
Potions
 k - 3 potions of brilliance
 m - 2 potions of curing
 w - 2 potions of heal wounds
 B - a potion of haste {unknown}
 T - a potion of experience {unknown}
Books
 O - a book of Debilitation

   Spells                             Type                      Level
   a - Corona                         Hexes                        1
   b - Slow                           Hexes                        2
   c - Gell's Gravitas                Hexes/Translocation          3
   d - Inner Flame                    Hexes/Fire                   3
   e - Cause Fear                     Hexes                        4
   f - Leda's Liquefaction            Hexes/Earth                  4
Comestibles
 f - 8 bread rations
 g - 2 meat rations


   Skills:
 + Level 5.7(5.3) Fighting
 * Level 11.3(10.9) Long Blades
 + Level 9.3(8.9) Armour
 + Level 10.3(9.9) Shields


You had 10 spell levels left.
You didn't know any spells.

Dungeon Overview and Level Annotations

Branches:
Dungeon (10/15)            Temple (1/1) D:5            Lair (0/6) D:10
    Orc (0/2) D:10

Altars:
Ashenzari
Cheibriados
Dithmenos
Elyvilon
Fedhas
Gozag
Hepliaklqana
Kikubaaqudgha
Makhleb
Nemelex Xobeh
Okawaru
Qazlal
Ru
Sif Muna
Trog
Uskayaw
Vehumet
Xom
Yredelemnul
Zin
The Shining One

Annotations:
D:2 Terence


Innate Abilities, Weirdness & Mutations

You are under a permanent stasis effect.
You can dig through walls and to a lower floor.
Your four strong arms can wield two-handed weapons with a shield.
You have a pair of large antennae on your head. (SInv)
You cannot read scrolls while threatened.
You cannot be stealthy.
You cannot study or cast Earth magic.
You cannot study or cast Translocations magic.
You cannot study or cast Transmutations magic.
Your mind is acute. (Int +2)
You are frail. (-10% HP)


Message History

* * * LOW HITPOINT WARNING * * *
You barely miss the orc warlord.
The orc warlord is almost dead.
You are restored by drawing out deep reserves of power within.
You feel drained. The orc warlord misses you.
You're too exhausted to draw out your power.
You hit the orc warlord.
The orc warlord is almost dead.
The orc warlord hits you with a war axe!
* * * LOW HITPOINT WARNING * * *
You hit the orc warlord.
The orc warlord is almost dead.
The orc warlord hits you with a war axe.
* * * LOW HITPOINT WARNING * * *
You slash the orc warlord!
The orc warlord is almost dead.
You barely miss the orc warlord.
The orc warlord is almost dead.
The orc warlord hits you with a war axe!!
You die...

### ### ###.### ###.###
###.....### ###.....###
##.........###.........##
#...........#...........#
#..........))o..........#
#.....⌠)....#@....⌠.....#
#......o....#...).......#
#......o....#...........#
###))....g..###......)))###
###.#)#.....###.###.....#)#.###
#..)))###.###.....###.###.....###
........###.........###.........#
.........#........{.##8.)).......
.........#...........#8..........


You could see an orc warlord.

Vanquished Creatures
  The ghost of Elizilla the Grappler, a novice TrMo of Dithmenos (Bailey)
  A troll (D:9)
  Grinder (D:4)
  A hippogriff (D:7)
  A wraith (D:10)
  6 yaks (D:9)
  Menkaure (D:5)
  Duvessa (D:4)
  15 orc warriors
  A sky beast (D:8)
  2 phantoms
  A necrophage (D:9)
  An ogre (D:7)
  2 ice beasts
  A centaur (D:9)
  A big kobold (D:9)
  3 bullfrogs
  Dowan (D:4)
  A scorpion (D:9)
  A water moccasin skeleton (D:6)
  A howler monkey (D:9)
  4 wights (D:9)
  2 crimson imps
  3 jellies
  5 hounds
  5 orc priests
  Crazy Yiuf (D:6)
  4 centaur skeletons
  7 orc wizards
  4 bullfrog skeletons
  Ijyb (D:3)
  6 worker ants
  A killer bee zombie (D:7)
  A hound zombie (D:8)
  2 hound skeletons
  A howler monkey skeleton (D:4)
  A howler monkey zombie (D:8)
  10 gnolls (Bailey)
  7 adders
  A shadow imp (D:6)
  An ooze (D:7)
  An adder zombie (D:6)
  2 adder skeletons
  3 worms
  4 leopard geckos
  32 orcs
  5 bats
  3 giant cockroaches
  16 hobgoblins
  9 jackals
  3 quokkas
  3 ball pythons
  6 frilled lizards
  22 goblins
  13 kobolds
  11 rats
244 creatures vanquished.

Vanquished Creatures (others)
  2 orc warriors
2 creatures vanquished.

Grand Total: 246 creatures vanquished

Notes
Turn   | Place    | Note
-------+----------+-------------------------------------------
     0 | D:1      | Warawaich the Formicid Fighter began the quest for the Orb.
     0 | D:1      | Reached XP level 1. HP: 18/18 MP: 1/1
   105 | D:1      | Reached XP level 2. HP: 9/24 MP: 2/2
  1031 | D:2      | Reached XP level 3. HP: 27/30 MP: 3/3
  1098 | D:2      | Noticed Terence
  1162 | D:3      | Noticed Ijyb
  1173 | D:3      | Killed Ijyb
  1173 | D:3      | Reached XP level 4. HP: 30/37 MP: 4/4
  1329 | D:3      | Reached skill level 3 in Long Blades
  1644 | D:3      | Reached XP level 5. HP: 39/42 MP: 5/5
  1743 | D:3      | Found a glowing golden altar of the Shining One.
  1762 | D:3      | Found a shattered altar of Ashenzari.
  1764 | D:3      | Found a hazy altar of Hepliaklqana.
  2114 | D:4      | Found a shadowy altar of Dithmenos.
  2118 | D:4      | Found a radiant altar of Vehumet.
  2121 | D:4      | Found a shimmering altar of Xom.
  2166 | D:4      | Reached skill level 4 in Long Blades
  2167 | D:4      | Reached XP level 6. HP: 48/48 MP: 6/6
  2222 | D:4      | Noticed Grinder
  2244 | D:3      | Reached skill level 5 in Shields
  2417 | D:4      | Reached XP level 7. HP: 34/54 MP: 7/7
  2586 | D:4      | Noticed Duvessa
  2598 | D:5      | Entered Level 5 of the Dungeon
  2733 | D:5      | Reached skill level 5 in Long Blades
  2800 | D:5      | Reached skill level 5 in Armour
  2978 | D:5      | Noticed Menkaure
  2986 | D:5      | Killed Menkaure
  3428 | D:5      | Found a staircase to the Ecumenical Temple.
  3434 | Temple   | Entered the Ecumenical Temple
  3513 | Temple   | Became a worshipper of Ru the Awakened
  3684 | D:6      | Reached skill level 6 in Long Blades
  3684 | D:6      | Reached XP level 8. HP: 53/60 MP: 8/8
  3740 | D:6      | Found a white marble altar of Elyvilon.
  3881 | D:6      | Found a runed door.
  4447 | D:7      | Noticed a hippogriff
  4459 | D:7      | Killed a hippogriff
  4459 | D:7      | Reached skill level 7 in Long Blades
  4710 | D:7      | Reached XP level 9. HP: 59/65 MP: 9/9
  4934 | D:7      | Gained mutation: You cannot be stealthy. [Ru sacrifice]
  5202 | D:7      | Found an opulent altar of Gozag.
  5331 | D:8      | Reached skill level 8 in Long Blades
  6210 | D:9      | Reached skill level 9 in Long Blades
  6237 | D:9      | Reached XP level 10. HP: 38/71 MP: 10/10
  6327 | D:9      | Gained mutation: You cannot study or cast Earth magic. [Ru sacrifice]
  6327 | D:9      | Gained mutation: You cannot study or cast Transmutations magic. [Ru sacrifice]
  6327 | D:9      | Gained mutation: You cannot study or cast Translocations magic. [Ru sacrifice]
  6327 | D:9      | Reached * piety under Ru
  6711 | D:9      | Reached skill level 10 in Long Blades
  7297 | D:6      | Noticed Crazy Yiuf
  7299 | D:6      | Killed Crazy Yiuf
  7387 | D:4      | Found an ancient bone altar of Kikubaaqudgha.
  7387 | D:4      | Found a faded altar of an unknown god.
  7408 | D:4      | Found a faded altar of an unknown god.
  7410 | D:4      | Found a faded altar of an unknown god.
  7412 | D:4      | Found a faded altar of an unknown god.
  7624 | D:4      | Noticed Dowan
  7633 | D:4      | Killed Duvessa
  7643 | D:4      | Killed Dowan
  7746 | D:4      | Killed Grinder
  7944 | D:10     | Entered Level 10 of the Dungeon
  8024 | D:10     | Found a flagged portal.
  8053 | Bailey   | Entered a bailey
  8325 | Bailey   | Gained mutation: You cannot read scrolls while threatened. [Ru sacrifice]
  8325 | Bailey   | Reached ** piety under Ru
  8325 | Bailey   | Reached *** piety under Ru
  8358 | Bailey   | Noticed Elizilla's ghost (novice TrMo)
  8415 | Bailey   | Killed Elizilla's ghost
  8415 | Bailey   | Reached skill level 5 in Fighting
  8415 | Bailey   | Reached skill level 11 in Long Blades
  8415 | Bailey   | Reached skill level 10 in Shields
  8415 | Bailey   | Reached XP level 11. HP: 68/79 MP: 11/11
  8542 | Bailey   | Got a coiled turquoise ring
  8596 | Bailey   | Noticed an orc warlord
  8657 | Bailey   | Gained mutation: Your system is resistant to poisons. (rPois) [potion of mutation]
  8657 | Bailey   | Gained mutation: You are frail. (-10% HP) [potion of mutation]
  8702 | Bailey   | Lost mutation: Your system is resistant to poisons. (rPois) [potion of mutation]
  8702 | Bailey   | Gained mutation: Your mind is acute. (Int +2) [potion of mutation]
  8722 | Bailey   | HP: 3/72 [orc warlord/war axe (17)]
  8728 | Bailey   | Demolished by an orc warlord

Skill      XL: |  1  2  3  4  5  6  7  8  9 10 |
---------------+-------------------------------+-----
Shields        | 4 5 6 7 8 10 | 10.3
Fighting       | 4 5 |  5.7
Long Blades    | 3 4 6 7 9 11 | 11.3
Armour         | 4 5 6 7 9 |  9.3

Action                   |  1- 3 |  4- 6 |  7- 9 | 10-12 || total
-------------------------+-------+-------+-------+-------++-------
Melee: Long sword        |   142 |   181 |   344 |   104 ||   771
       Scimitar          |       |       |       |   436 ||   436
Invok: Sacrifice Stealth |       |       |     1 |       ||     1
       Sacrifice Words   |       |       |       |     1 ||     1
       Sacrifice Arcana  |       |       |       |     1 ||     1
       Draw Out Power    |       |       |       |     1 ||     1
 Abil: Dig               |       |       |       |     3 ||     3
  Use: Potion            |     1 |     1 |       |     8 ||    10
       Scroll            |       |       |       |     5 ||     5
 Stab: Distracted        |       |       |       |     1 ||     1
  Eat: Chunk             |     1 |     4 |     7 |     7 ||    19
       Fruit             |       |       |     2 |       ||     2
       Meat ration       |       |       |     1 |       ||     1
       Beef jerky        |       |       |     1 |       ||     1
Armor: Scale mail        |    30 |       |       |       ||    30
       Plate armour      |    73 |   151 |   217 |   232 ||   673
       Skin              |       |    14 |       |       ||    14
Dodge: Dodged            |    42 |    84 |   100 |   173 ||   399
Block: Shield            |    98 |       |       |       ||    98
       Rpst.: Long sword |    13 |    16 |    32 |    14 ||    75
       Scimitar          |       |       |       |    44 ||    44
